 Dungeon Crawl Stone Soup version 0.29.1-15-g9cfb28693d (webtiles) character file.

Game seed: 1128760398369852704

363 Thatpatchoflichen the Covered (level 7, -10/54 HPs)
             Began as a Human Monk on Mar 1, 2023.
             Killed by divine providence
             ... invoked by an orc priest
              (15 damage)
             ... on level 5 of the Dungeon.
             The game lasted 00:05:45 (3502 turns).

Thatpatchoflichen the Covered (Human Monk)          Turns: 3502, Time: 00:05:46

Health: -10/54     AC:  7    Str: 11    XL:     7   Next: 0%
Magic:  7/7        EV: 17    Int: 10    God:
Gold:   145        SH:  0    Dex: 18    Spells: 6/6 levels left

rFire   . . .      SeeInvis .   a - +0 falchion
rCold   . . .      Faith    .   (no shield)
rNeg    . . .      Spirit   .   e - +1 leather armour {rPois}
rPois   +          Reflect  .   (no helmet)
rElec   .          Harm     .   o - +1 cloak
rCorr   .          Rampage  .   (no gloves)
Will    .....                   l - +0 pair of boots
Stlth   ++........              (no amulet)
HPRegen 0.18/turn               n - +4 ring of evasion
MPRegen 0.10/turn               (no ring)

@: no status effects
A: no striking features
a: no special abilities


You were on level 5 of the Dungeon.
You visited 1 branch of the dungeon, and saw 5 of its levels.

You collected 145 gold pieces.

Inventory:

Hand Weapons
 a - a +0 falchion (weapon)
Missiles
 q - 5 boomerangs (quivered)
Armour
 b - a +0 robe
 e - a +1 leather armour of poison resistance (worn)
 l - a +0 pair of boots (worn)
 o - a +1 cloak (worn)
Jewellery
 n - a +4 ring of evasion (left hand)
Wands
 t - a wand of digging (4)
 u - a wand of charming (7)
Scrolls
 g - a scroll of magic mapping {unknown}
 h - 7 scrolls of identify {unknown}
 m - a scroll of teleportation {unknown}
 s - a scroll of enchant armour {unknown}
 w - a scroll of blinking {unknown}
Potions
 c - a potion of ambrosia
 d - a potion of lignification {unknown}
 f - 2 potions of curing {unknown}
 i - a potion of degeneration {unknown}
 j - a potion of heal wounds
 k - 2 potions of might {unknown}
 p - a potion of flight {unknown}
 r - a potion of brilliance {unknown}
 v - a potion of resistance {unknown}


   Skills:
 + Level 4.1 Fighting
 + Level 4.1 Long Blades
 + Level 4.1 Armour
 - Level 4.0 Dodging
 - Level 2.0 Stealth


You had 6 spell levels left.
You didn't know any spells.
Your spell library contained the following spells:

 Spells                   Type           Power      Damage    Failure   Level
 Static Discharge         Conj/Air       0%         3-3/arc   58%         2
 Portal Projectile        Hex/Tloc       0%         N/A       82%         3
 Tukima's Dance           Hex            0%         N/A       82%         3
 Dispel Undead            Necr           0%         3d6       99%         4
 Sticky Flame             Conj/Fire      0%         2d3       99%         4
 Blade Hands              Tmut           0%         N/A       100%        5
 Malign Gateway           Summ/Tloc      0%         N/A       100%        7
 Summon Horrible Things   Summ           0%         N/A       100%        8


Dungeon Overview and Level Annotations

Branches:
Dungeon (5/15)
 Temple: D:4-7

Altars:
Elyvilon
Kikubaaqudgha

Shops:
D:3 *


Message History

The orc priest attacks as you move away!
The orc priest misses you. The orc attacks as you move away!
The orc closely misses you.
There is a stone staircase leading down here.
The orc barely misses you. The orc priest closely misses you.
You climb downwards.
Found 14 gold pieces.
Found a stone staircase leading up.
There is a stone staircase leading up here.
The orc misses you.
The orc priest attacks as you move away!
The orc priest hits you but does no damage.
The orc attacks as you move away! The orc misses you.
The orc attacks as you move away! The orc closely misses you.
There is a stone staircase leading up here.
You barely miss the orc.
The orc is severely wounded.
The orc barely misses you.
You hit the orc but do no damage.
The orc is severely wounded.
The orc closely misses you.
You hit the orc but do no damage.
The orc is heavily wounded.
The orc completely misses you.
You hit the orc but do no damage.
The orc is heavily wounded.
The orc barely misses you.
You slash the orc!
You kill the orc!
The orc priest mumbles some strange prayers to Beogh against you.
Beogh smites you!
* * * LOW HITPOINT WARNING * * *
You have reached level 7!
The orc priest misses you.
Things that are here:
a +0 flail; a +0 ring mail You closely miss the orc priest.
The orc priest is severely wounded.
The orc priest mumbles some strange prayers to Beogh against you.
Beogh smites you!
You die...

### #.. #.# #.#
#######.######
#..<@o.<.....#
......#####$####.#
.#### .... .....#
.##.#.# #. #.#.$ .
...... . ... ...


You could see an orc priest.

Vanquished Creatures
  A necrophage (D:4)
  A hound (D:4)
  3 orc priests
  An iguana (D:4)
  7 adders
  An ufetubus (D:3)
  3 dart slugs
  7 orcs
  3 bats
  4 endoplasms
  3 giant cockroaches
  8 goblins
  8 hobgoblins
  8 jackals
  2 quokkas
  4 ball pythons
  4 frilled lizards
  7 kobolds
  7 rats
82 creatures vanquished.

Notes
Turn   | Place    | Note
-------+----------+-------------------------------------------
     0 | D:1      | Thatpatchoflichen the Human Monk began the quest for the
                  | Orb.
     0 | D:1      | Reached XP level 1. HP: 18/18 MP: 1/1
   220 | D:1      | Reached XP level 2. HP: 20/24 MP: 2/2
   720 | D:1      | Reached skill level 1 in Armour
   747 | D:1      | Reached XP level 3. HP: 27/29 MP: 3/3
  1336 | D:2      | Found a faded altar of an unknown god.
  1521 | D:2      | Reached XP level 4. HP: 35/35 MP: 4/4
  2197 | D:3      | Reached XP level 5. HP: 41/42 MP: 5/5
  2450 | D:3      | Found Wycw's General Store.
  2491 | D:3      | Found a white marble altar of Elyvilon.
  2543 | D:3      | Found an ancient bone altar of Kikubaaqudgha.
  3091 | D:4      | Reached XP level 6. HP: 48/48 MP: 6/6
  3491 | D:5      | Entered Level 5 of the Dungeon
  3501 | D:5      | Reached XP level 7. HP: 5/54 MP: 7/7
  3502 | D:5      | Killed from afar by an orc priest

Illustrated notes

Levels and vault maps discovered:
D:1:      nzn_arrival_depleted_hourglass, layout_rooms
D:2:      layout_basic, hellmonk_ecumenical_altar_leap_of_faith
D:3:      kb_forest_paths, layout_basic, nicolae_overflow_crystal_walls,
          kiku_gazebo_pond_becter, serial_shops, shop, kennysheep_doodads,
          minivault_27, chequers_jeans, minivault_24
D:4:      layout_basic, nemelex_diamond_rough_becter,
          minmay_temple_entry_enclosed_plants, minmay_cupped
D:5:      layout_loops_ring, ebering_ghost_rock_garden, uniq_ijyb

Skill      XL: |  1  2  3  4  5  6 |
---------------+-------------------+-----
Armour         | 1 2 4 |  4.1
Long Blades    | 4 |  4.1
Fighting       | 4 |  4.1
Dodging        | 4 |  4.0
Stealth        | |  2.0

Action                   |  1- 3 |  4- 6 |  7- 9 || total
-------------------------+-------+-------+-------++-------
Melee: Falchion          |    99 |   183 |     1 ||   283
       Punch             |     2 |     2 |       ||     4
 Stab: Sleeping          |       |     3 |       ||     3
       Distracted        |       |     1 |       ||     1
Armor: Robe              |     8 |       |       ||     8
       Leather armour    |    17 |    41 |       ||    58
Dodge: Dodged            |    95 |   219 |     1 ||   315
